 Dungeon Crawl Stone Soup version 0.31-a0-166-g46f44d267d (webtiles) character file.

Game seed: 16551742290328741151

111 qw the Chopper (level 4, 0/28 HPs)
             Began as a Gargoyle Fighter on June 13, 2023.
             Frozen to death by an endoplasm (3 damage)
             ... on level 3 of the Dungeon.
             The game lasted 00:00:48 (1784 turns).

qw the Chopper (Gargoyle Fighter)                   Turns: 1784, Time: 00:00:48

Health: 0/28       AC: 10    Str: 21 (22) XL:     4   Next: 92%
Magic:  4/4        EV:  9    Int:  5 (8)  God:
Gold:   105        SH:  4    Dex:  8 (9)  Spells: 3/3 levels left

rFire   . . .        Y - +0 war axe
rCold   . . .        c - +0 buckler
rNeg    + . .        b - +0 scale mail
rPois   inf          (no helmet)
rElec   +            (no cloak)
rCorr   .            (no gloves)
SInv    .            (no boots)
Will    .....        (no amulet) Stlth
                     (no ring)
HPRegen 0.24/turn    (no ring)
MPRegen 0.09/turn

%: no passive effects
@: weak-willed
A: sickness immunity, AC +3, negative energy resistance 1, electricity
resistance, torment resistance 1, petrification resistance
a: no special abilities


You were on level 3 of the Dungeon.
You visited 1 branch of the dungeon, and saw 3 of its levels.

You collected 105 gold pieces.


Innate Abilities, Weirdness & Mutations

You are immune to sickness and miasma.
Your stone body is resilient. (AC +3)
You are immune to poison.
You resist negative energy. (rN+)
You are resistant to electric shocks. (rElec)
You are resistant to unholy torment.
You are immune to petrification.


   Skills:
 - Level 3.2 Fighting
 + Level 4.5 Axes
 - Level 3.2 Armour
 - Level 3.2 Shields


You had 3 spell levels left.
You didn't know any spells.
Your spell library was empty.

Inventory:

Hand Weapons
 Y - a +0 war axe (weapon)
Armour
 b - a +0 scale mail (worn)
 c - a +0 buckler (worn)
Scrolls
 g - a scroll of identify
Potions
 a - a potion of cancellation {unknown}
 d - a potion of might
 h - a potion of curing {unknown}

Dungeon Overview and Level Annotations

Branches:
Dungeon (3/15)

Altars:
Yredelemnul

Shops:
D:2 [

Annotations:
D:3 Sigmund


Message History

The endoplasm is severely wounded.
The endoplasm freezes you.
You are frozen.
You hit the endoplasm.
You kill the endoplasm!
Sigmund hits you from afar with a +0 scythe!
An orc wizard comes into view. It is wielding a +0 dagger.
Sigmund hits you with a +0 scythe.
You barely miss Sigmund.
An orc comes into view. It is wielding a +0 club.
The orc shouts!
You hit Sigmund.
Sigmund is lightly wounded.
Sigmund hits you but does no damage.
You closely miss Sigmund.
Sigmund is lightly wounded.
Sigmund closely misses you.
An endoplasm comes into view.
You hit Sigmund.
Sigmund is moderately wounded.
Sigmund hits you with a +0 scythe.
You closely miss Sigmund.
Sigmund is moderately wounded.
An adder comes into view.
Sigmund gestures at you while chanting.
You are confused.
The orc wizard hits you with a +0 dagger.
Sigmund hits you but does no damage.
An orc comes into view. It is wielding a +0 flail.
An orc comes into view. It is wielding a +0 mace.
The orc shouts!
The endoplasm jiggles.
Sigmund hits you with a +0 scythe!
The orc wizard gestures at you while chanting.
You resist with significant effort. Sigmund misses you.
The orc hits you with a +0 club.
You feel less confused. The endoplasm freezes you.
You are frozen.
You die...

#....# .. #....#
... ....# ..$
#...# # #.##...##
#.#.......#
......>...#
#.........# .
#.......o@##....
.......(oJ@S..o..
###>.......o.###.
..........##....
.......###. .....
###.... .# ####
#.... ## #....
####


You could see Sigmund, an orc wizard, an adder, 3 orcs and an endoplasm.

Vanquished Creatures
  Natasha (twice) (D:2)
  2 adders (D:2)
  A worm (D:2)
  3 dart slugs
  3 bats (D:2)
  4 endoplasms
  5 giant cockroaches
  A goblin (D:1)
  2 hobgoblins (D:1)
  3 jackals (D:1)
  A quokka (D:1)
  4 ball pythons
  A frilled lizard (D:2)
  2 kobolds
  3 rats
37 creatures vanquished.

Notes
Turn   | Place    | Note
-------+----------+-------------------------------------------
     0 | D:1      | qw the Gargoyle Fighter began the quest for the Orb.
     0 | D:1      | Reached XP level 1. HP: 14/14 MP: 1/1
     0 | D:1      | 0 ||| qw: Version: 0.2-a-29-gc1b59c4
     0 | D:1      | 0 ||| qw: Game counter: 4843
     0 | D:1      | 0 ||| qw: Always use a shield: true
     0 | D:1      | 0 ||| qw: God list: Okawaru
     0 | D:1      | 0 ||| qw: Allow faded altars: false
     0 | D:1      | 0 ||| qw: Do Orc after D:15 true
     0 | D:1      | 0 ||| qw: Do second Lair branch before Depths: true
     0 | D:1      | 0 ||| qw: Lair rune preference: random
     0 | D:1      | 0 ||| qw: Plans: Normal, Zot:1-4, Slime:5, God:TSO, Crypt,
                  | Tomb, Abyss, Pan, Hells, Win
     0 | D:1      | 0 ||| PLANNING D:1-11
    32 | D:1      | Reached skill level 2 in Axes
    80 | D:1      | Reached XP level 2. HP: 19/19 MP: 2/2
   628 | D:1      | 628 ||| READING scroll labelled HEARPH QERYAPP.
   631 | D:1      | 631 ||| READING scroll labelled GIAZAI DEJEHU.
   632 | D:1      | 632 ||| READING scroll labelled EDAUMO XOOL.
   667 | D:2      | 667 ||| Stepping ~*~*~tactically~*~*~ (stealth).
   678 | D:2      | Reached skill level 3 in Axes
   678 | D:2      | Reached XP level 3. HP: 21/23 MP: 3/3
   834 | D:2      | Found Maexzar's Antique Armour Boutique.
   844 | D:2      | 844 ||| SHOPLISTING steaming leather armour (196 gold, have
                  | 92).
   844 | D:2      | 844 ||| SHOPLISTING transparent fire dragon scales (1820
                  | gold, have 92).
   936 | D:2      | Found a basalt altar of Yredelemnul.
   948 | D:2      | 948 ||| Stepping ~*~*~tactically~*~*~ (hiding).
  1308 | D:2      | Noticed Natasha
  1309 | D:2      | 1309 ||| Stepping ~*~*~tactically~*~*~ (hiding).
  1310 | D:2      | 1310 ||| Stepping ~*~*~tactically~*~*~ (hiding).
  1316 | D:2      | Killed Natasha
  1317 | D:2      | Reached skill level 4 in Axes
  1317 | D:2      | Reached XP level 4. HP: 28/28 MP: 4/4
  1499 | D:2      | Noticed Natasha
  1514 | D:2      | HP: 6/28 [Natasha/magic dart (6)]
  1517 | D:2      | Killed Natasha
  1757 | D:2      | 1757 ||| READING scroll labelled JUPEIG DUBE.
  1758 | D:2      | 1758 ||| READING 2 scrolls labelled GAITYJ XACA.
  1759 | D:2      | 1759 ||| DRINKING 2 blue potions.
  1760 | D:2      | 1760 ||| DROPPING potion of degeneration.
  1761 | D:2      | 1761 ||| DROPPING scroll of vulnerability.
  1768 | D:3      | Noticed Sigmund
  1769 | D:3      | 1769 ||| Stepping ~*~*~tactically~*~*~ (hiding).
  1770 | D:3      | 1770 ||| Stepping ~*~*~tactically~*~*~ (hiding).
  1781 | D:3      | HP: 3/28 [Sigmund/+0 scythe (10)]
  1784 | D:3      | Frozen to death by an endoplasm

Levels and vault maps discovered:
D:1:      ebering_trefoil_3fold, layout_loops_ring, minmay_misc_feat_square,
          palyth_stone_intersect, glass_columns_c
D:2:      layout_basic, serial_shops, shop, basic_altar,
          kennysheep_pointless_box, hangedman_abyss_or_decor_lesser_grid,
          uniq_natasha
D:3:      layout_rooms, minmay_overflow_temple_hex, grunt_gozag_breadcrumbs,
          nemelex_spade_bored_becter, due_unseen_surprise, uniq_sigmund,
          uniq_robin, uniq_ijyb

Skill      XL: |  1  2  3 |
---------------+----------+-----
Axes           | 2 3 4 |  4.5
Fighting       | |  3.2
Armour         | |  3.2
Shields        | |  3.2

Action                     |  1- 3 |  4- 6 || total
---------------------------+-------+-------++-------
  Melee: War axe           |    99 |    33 ||   132
    Use: Scroll            |     3 |     2 ||     5
         Potion            |       |     1 ||     1
 Armour: Scale mail        |    60 |    12 ||    72
         Skin              |       |    14 ||    14
  Dodge: Dodged            |    50 |    12 ||    62
  Block: Buckler           |    18 |     9 ||    27

Table legend:
 A = Non-vault XP
 B = Vault XP
 C = Vault XP percentage of total XP
 D = Non-vault monster count
 E = Vault monster count
 F = Vault count percentage of total count
                 A         B        C        D         E       F
            +---------+---------+-------+---------+---------+-------
      Total |     127 |      32 |  20.1 |      36 |       1 |   2.7
            +---------+---------+-------+---------+---------+-------
        D:1 |      29 |       0 |   0.0 |      15 |       0 |   0.0
        D:2 |      96 |      32 |  25.0 |      20 |       1 |   4.8
        D:3 |       2 |       0 |   0.0 |       1 |       0 |   0.0
            +---------+---------+-------+---------+---------+-------
